 Adventure DCSS version bcrawl-1.27.3 (webtiles) character file.

Game seed: 8947417832114838205

192047 galech the Cleaver (level 8, 65/65 HPs)
             Began as a Demonspawn Fighter on July 31, 2020.
             Quit the game on level 8 of the Dungeon.
             The game lasted 00:11:24 (7486 turns).

galech the Cleaver (Demonspawn Fighter)             Turns: 7486, Time: 00:11:25

Health: 65/65      AC: 13    Str: 16    XL:     8   Next: 68%
Magic:  8/8        EV:  9    Int: 10    God:
Gold:   494        SH: 11    Dex: 16    Spells: 7/7 levels left
                                        Lives:  0   Deaths: 2

rFire    . . .     SeeInvis .   a - +0 war axe
rCold    . . .     Gourm    .   c - +1 medium shield
rNeg     . . .     Faith    .   C - +0 steam dragon scales
rPois    .         Spirit   +   m - +2 hat
rElec    .         Reflect  .   q - +2 cloak
rCorr    .         Harm     .   (no gloves)
MR       .....     Rnd*Tele +   f - +0 pair of boots
Stlth    ++........             (no amulet)
HPRegen  0.20/turn              u - ring of teleportation (curse)
MPRegen  0.22/turn              (no ring)

@: no status effects
A: claws 2, hooves 1, powered by pain 2, magic shield, magic regeneration
a: no special abilities


You were on level 8 of the Dungeon.
You were not hungry.

You visited 1 branch of the dungeon, and saw 8 of its levels.

You collected 494 gold pieces.

Inventory:

Hand Weapons
 a - a +0 war axe (weapon)
Armour
 b - a +0 scale mail
 c - a +1 medium shield (worn)
 d - a +1 robe of positive energy
 f - a +0 pair of boots (worn)
 m - a +2 hat (worn)
 o - a +0 plate armour
 q - a +2 cloak (worn)
 x - a scarf of stasis
 y - a +2 hat
 C - +0 steam dragon scales (worn)
Jewellery
 u - a cursed ring of teleportation (left claw)
Wands
 g - a wand of paralysis (7)
 r - a wand of random effects (13)
 v - a wand of digging (6)
Scrolls
 i - 3 scrolls of enchant armour
 j - a scroll of amnesia
 l - a scroll of fear
 p - 2 scrolls of enchant weapon
 s - a scroll of teleportation
 w - 3 scrolls of identify
 A - a scroll of remove curse {unknown}
Potions
 h - a potion of ambrosia {unknown}
 k - 2 potions of curing
 n - a potion of haste
 t - a potion of heal wounds {unknown}
 z - a potion of lignification {unknown}
Comestibles
 e - 5 rations {!d}
 B - 6 chunks of flesh


   Skills:
 + Level 6.6 Fighting
 + Level 9.5 Axes
 + Level 7.1 Armour
 + Level 1.5 Dodging
 + Level 0.3 Stealth
 + Level 6.1 Shields


You had 7 spell levels left.
You didn't know any spells.
Your spell library was empty.

Dungeon Overview and Level Annotations

Branches:
Dungeon (8/12)
 Temple: D:4-7         Lair: D:7-9          Orc: D:8-11

Altars:
Cheibriados
Kikubaaqudgha
Wu Jian
The Shining One

Shops:
D:7 *

Annotations:
D:8 1 runed door


Innate Abilities, Weirdness & Mutations

You have very sharp fingernails.
You have large cloven feet.
You sometimes gain power by taking damage.
When hurt, damage is shared between your health and your magic reserves.
You regenerate magic rapidly.


Message History

You hit the troll but do no damage.
The troll is moderately wounded.
The troll bites you!
* * * LOW HITPOINT WARNING * * *
The troll claws you but does no damage. The troll claws you.
* * * LOW HITPOINT WARNING * * *
You hit the troll but do no damage.
The troll is moderately wounded.
The troll completely misses you. The troll closely misses you.
The troll claws you.
* * * LOW HITPOINT WARNING * * *
Your shield prevents you from hitting the troll.
The troll is moderately wounded.
The troll bites you!
You die...
You block the troll's attack. The troll claws you.
Xom reaches out...
You are now level 8!
You rejoin the land of the living...
Are you sure you want to abandon this character and quit the game? (Confirm with "yes".)

########
##......#
#......@#
.......##
.......
...$..#
.....#
...:.
#..# #...
#..# ##..
#..# #..#


There were no monsters in sight!

Vanquished Creatures
  Pikel (D:7)
  Joseph (D:7)
  Grinder (D:4)
  Sigmund (D:2)
  3 hippogriffs
  A yak (D:6)
  4 steam dragons
  A water moccasin (D:8)
  An orc warrior (D:6)
  2 sky beasts (D:5)
  A slave (D:7)
  2 phantoms
  4 ogres
  4 centaurs
  2 bullfrogs (D:6)
  4 scorpions
  A water moccasin skeleton (D:6)
  A wight (D:5)
  2 crimson imps
  2 bullfrog zombies (D:6)
  A quasit (D:7)
  4 hounds
  A jelly (D:5)
  3 centaur skeletons
  An orc priest (D:7)
  Terence (D:3)
  5 worker ants
  A killer bee zombie (D:7)
  A worker ant zombie (D:8)
  7 adders
  2 shadow imps
  2 oozes
  3 adder skeletons
  An adder zombie (D:7)
  4 worms
  2 dart slugs
  6 leopard geckos
  13 orcs
  4 goblins
  8 hobgoblins
  15 jackals
  9 kobolds
  3 quokkas
  A ball python (D:1)
  3 bats
  2 frilled lizards
  A quokka skeleton (D:6)
  9 rats
152 creatures vanquished.

Vanquished Creatures (others)
  A worker ant (D:6)
  An adder (D:6)
2 creatures vanquished.

Grand Total: 154 creatures vanquished

Notes
Turn   | Place    | Note
-------+----------+-------------------------------------------
     0 | D:1      | galech the Demonspawn Fighter began the quest for the Orb.
     0 | D:1      | Reached XP level 1. HP: 18/18 MP: 1/1
   171 | D:1      | Gained mutation: When hurt, damage is shared between your
                  | health and your magic reserves. [demonic ancestry]
   171 | D:1      | Reached XP level 2. HP: 24/24 MP: 2/2
   743 | D:1      | Reached skill level 2 in Axes
   811 | D:2      | Gained mutation: You sometimes gain a little power by
                  | taking damage. [demonic ancestry]
   811 | D:2      | Reached XP level 3. HP: 29/29 MP: 3/3
  1048 | D:2      | Noticed Sigmund
  1061 | D:2      | HP: 1/29 [something (8)]
  1062 | D:2      | Killed Sigmund
  1062 | D:2      | Reached skill level 3 in Axes
  1062 | D:2      | Reached skill level 1 in Dodging
  1062 | D:2      | Reached XP level 4. HP: 2/35 MP: 0/4
  1062 | D:2      | Gained mutation: You sometimes gain power by taking damage.
                  | [demonic ancestry]
  1062 | D:2      | Reached XP level 5. HP: 2/41 MP: 0/5
  1226 | D:2      | Found a faded altar of an unknown god.
  2028 | D:3      | Gained mutation: You have sharp fingernails. [demonic
                  | ancestry]
  2028 | D:3      | Reached XP level 6. HP: 33/47 MP: 6/6
  2188 | D:3      | Noticed Terence
  2201 | D:3      | Killed Terence
  2419 | D:3      | Noticed a hippogriff
  2437 | D:3      | Killed a hippogriff
  2437 | D:3      | Reached skill level 4 in Axes
  2437 | D:3      | Gained mutation: You regenerate magic rapidly. [demonic
                  | ancestry]
  2437 | D:3      | Reached XP level 7. HP: 11/54 MP: 1/7
  3135 | D:4      | Noticed a hippogriff
  3153 | D:4      | Killed a hippogriff
  3296 | D:4      | Reached skill level 5 in Armour
  3449 | D:4      | Reached skill level 5 in Axes
  3545 | D:4      | Gained mutation: You have very sharp fingernails. [demonic
                  | ancestry]
  3545 | D:4      | Reached XP level 8. HP: 46/61 MP: 8/8
  3794 | D:4      | Noticed Grinder
  3797 | D:4      | Paralysed by Grinder for 4 turns
  3815 | D:4      | Killed Grinder
  3815 | D:4      | Reached skill level 5 in Fighting
  3919 | D:5      | Entered Level 5 of the Dungeon
  3952 | D:5      | Reached skill level 6 in Axes
  4388 | D:5      | Reached skill level 7 in Axes
  4578 | D:5      | Reached skill level 5 in Shields
  4578 | D:5      | Gained mutation: You have large cloven feet. [demonic
                  | ancestry]
  4578 | D:5      | Reached XP level 9. HP: 32/68 MP: 6/9
  5350 | D:6      | Reached skill level 8 in Axes
  5353 | D:6      | HP: 2/69 [phantom (4)]
  5358 | D:6      | HP: 1/69 [phantom (1)]
  6008 | D:6      | Found a glowing golden altar of the Shining One.
  6015 | D:6      | Found a snail-covered altar of Cheibriados.
  6018 | D:6      | Found an ornate altar of the Wu Jian Council.
  6151 | D:7      | Noticed Joseph
  6222 | D:6      | HP: 1/70 [orc warrior/+0 short sword (4)]
  6225 | D:6      | Slain by an orc warrior
  6226 | D:6      | Reached XP level 8. HP: -4/65 MP: 0/8
  6278 | D:7      | Killed Joseph
  6278 | D:7      | Reached skill level 9 in Axes
  6278 | D:7      | Reached XP level 9. HP: 51/71 MP: 9/9
  6340 | D:7      | Found Wenuesib's Assorted Antiques.
  6728 | D:7      | Noticed Pikel
  6744 | D:7      | Killed Pikel
  6880 | D:7      | Found an ancient bone altar of Kikubaaqudgha.
  6880 | D:7      | Noticed a skeletal warrior
  7373 | D:8      | Found a runed door.
  7471 | D:8      | Noticed a troll
  7485 | D:8      | Slain by a troll
  7486 | D:8      | Reached XP level 8. HP: -5/65 MP: 0/8
  7486 | D:8      | Quit the game

Skill      XL: |  1  2  3  4  5  6  7  8  9 |
---------------+----------------------------+-----
Armour         | 3 4 5 7 |  7.1
Axes           | 2 3 4 5 9 8 |  9.5
Dodging        | 1 |  1.5
Shields        | 3 4 5 6 |  6.1
Fighting       | 4 5 6 |  6.6
Stealth        | |  0.3

Action                   |  1- 3 |  4- 6 |  7- 9 || total
-------------------------+-------+-------+-------++-------
Melee: War axe           |   116 |   134 |   576 ||   826
  Use: Potion            |     1 |     1 |     5 ||     7
       Scroll            |       |       |     8 ||     8
  Eat: Chunk             |     5 |     9 |    26 ||    40
       Ration            |       |       |     2 ||     2
Armor: Scale mail        |    57 |    16 |       ||    73
       Plate armour      |       |   117 |   505 ||   622
       Steam dragon scal |       |       |     9 ||     9
Dodge: Dodged            |    21 |    14 |    51 ||    86
Block: Medium shield     |    65 |    94 |   356 ||   515
